 Dungeon Crawl Stone Soup version 0.30-a0-458-g86641cc369 (webtiles) character file.

Game seed: 10865964527214973653

17 wvc the Trooper (level 2, 0/24 HPs)
             Began as a Human Cinder Acolyte on Dec 14, 2022.
             Was a High Priest of Ignis.
             Slain by a kobold
             ... wielding a +0 dagger
              (4 damage)
             ... on level 1 of the Dungeon.
             The game lasted 00:01:25 (483 turns).

wvc the Trooper (Human Cinder Acolyte)               Turns: 483, Time: 00:01:26

Health: 0/24       AC:  2    Str: 14    XL:     2   Next: 80%
Magic:  3/3        EV: 11    Int: 14    God:    Ignis [*****.]
Gold:   54         SH:  0    Dex:  8    Spells: 3/3 levels left

rFire   + . .      SeeInvis .    a - -1 mace (flame)
rCold   . . .      Faith    .    (no shield)
rNeg    . . .      Spirit   .    b - +0 robe
rPois   .          Reflect  .    (no helmet)
rElec   .          Harm     .    (no cloak)
rCorr   .          Rampage  .    (no gloves)
Will    .....                    (no boots)
Stlth   +.........               (no amulet)
HPRegen 0.24/turn                (no ring)
MPRegen 0.08/turn                (no ring)

@: no status effects
A: no striking features
a: Renounce Religion, Fiery Armour, Foxfire Swarm, Rising Flame


You were on level 1 of the Dungeon.
You worshipped Ignis.
Ignis was extremely pleased with you.
You visited 1 branch of the dungeon, and saw 1 of its levels.

You collected 54 gold pieces.

Inventory:

Hand Weapons
 a - a -1 mace of flaming (weapon)
Armour
 b - a +0 robe (worn)
Scrolls
 e - a scroll of amnesia {unknown}
 f - a scroll of enchant armour {unknown}
 h - 2 scrolls of identify {unknown}
Potions
 c - a potion of might {unknown}
 d - 3 potions of cancellation {unknown}
 g - a potion of invisibility {unknown}


   Skills:
 + Level 3.4 Fighting
 * Level 3.4 Maces & Flails
 + Level 1.0 Spellcasting
 + Level 3.0 Fire Magic


You had 3 spell levels left.
You didn't know any spells.
Your spell library contained the following spells:

 Spells                   Type           Power      Damage    Failure   Level
 Scorch                   Fire           18%        2d5       12%         2


Dungeon Overview and Level Annotations

Branches:
Dungeon (1/15)

Altars:


Message History

You kill the kobold!
The kobold closely misses you.
You closely miss the kobold. The kobold barely misses you.
You barely miss the kobold. The kobold closely misses you.
You hit the kobold. You burn the kobold.
The kobold is severely wounded.
The kobold hits you with a +0 short sword.
You closely miss the kobold.
The kobold is severely wounded.
The kobold misses you.
You thump the kobold! You burn the kobold.
You kill the kobold!
Things that are here:
a +0 short sword; a +0 dagger A bat comes into view.
The bat moves out of view.
Found 2 bubbling yellow potions and 18 gold pieces.
Found 8 stones.
h - 2 scrolls labelled XIPIECATEI You see here a +0 sling.
d - 3 bubbling yellow potions (gained 2)
You now have 54 gold pieces (gained 18).
A kobold comes into view. It is wielding a +0 dagger.
The kobold shouts!
You barely miss the kobold. The kobold hits you with a +0 dagger.
You hit the kobold but do no damage. The kobold hits you with a +0 dagger.
You closely miss the kobold. The kobold barely misses you.
You completely miss the kobold. The kobold hits you with a +0 dagger.
The kobold barely misses you.
You barely miss the kobold. The kobold hits you with a +0 dagger.
You closely miss the kobold. The kobold misses you.
You barely miss the kobold. The kobold hits you with a +0 dagger.
You barely miss the kobold. The kobold hits you with a +0 dagger.
You closely miss the kobold. The kobold hits you but does no damage.
The kobold hits you with a +0 dagger.
* * * LOW HITPOINT WARNING * * *
You closely miss the kobold. The kobold hits you with a +0 dagger.
* * * LOW HITPOINT WARNING * * *
You hit the kobold but do no damage. The kobold hits you with a +0 dagger.
You die...

#...###....#
#..#(#.....###...#
#'''#......#
#..##.##...##.^##.
...........#
#....#.#...#...#.#
.....♣.....#
#....##.##...##)##
...........#
####...#.#...#.#..
.....♣.....#
#......##.###.##..
...........#
#.##.#...#...#....
.....♣.....#
#.##.#...#...#....
...........#
#@##.....#.).#.... .....♣
....#...K.###....#####...>
#.#.......##.. ......
###########.. ...b..
...... ......


You could see a kobold.

Vanquished Creatures
  A dart slug (D:1)
  An endoplasm (D:1)
  A hobgoblin (D:1)
  3 jackals (D:1)
  2 quokkas (D:1)
  A ball python (D:1)
  4 kobolds (D:1)
13 creatures vanquished.

Notes
Turn   | Place    | Note
-------+----------+-------------------------------------------
     0 | D:1      | wvc the Human Cinder Acolyte began the quest for the Orb.
     0 | D:1      | Reached XP level 1. HP: 18/18 MP: 2/2
   110 | D:1      | Reached XP level 2. HP: 18/24 MP: 3/3
   483 | D:1      | Slain by a kobold

Illustrated notes

Levels and vault maps discovered:
D:1:      wander_arrival_estate, layout_basic, chequers_serial_rivers_small_3,
          minmay_vboxes

Action                   || total
-------------------------++-------
Melee: Mace              ||    51
Armor: Robe              ||     9
Dodge: Dodged            ||    33

Table legend: (Time is in decaauts)
 A = Elapsed time spent in this place.
 B = Non-inter-level travel time spent in this place.
 C = Inter-level travel time spent in this place.
 D = Time resting spent in this place.
 E = Time spent auto-exploring this place.
 F = Levels seen in this place.
 G = Mean time per level.
                   A        B        C        D        E       F      G
               +--------+--------+--------+--------+--------+-----+--------+
         Total |    497 |    497 |      0 |     98 |    261 |   1 |  497.0 |
       Dungeon |    497 |    497 |      0 |     98 |    261 |   1 |  497.0 |
               +--------+--------+--------+--------+--------+-----+--------+

Top non-repeatable levels by time:
     D:1: 497 daAuts
